 Dungeon Crawl Stone Soup version 0.29.1-14-g9c671dbff4 (webtiles) character file.

Game seed: 8158875212569951820

135 bnorton916 the Firebug (level 4, -10/24 HPs)
             Began as a Deep Elf Fire Elementalist on Feb 19, 2023.
             Was an Initiate of Gozag.
             Killed by divine providence
             ... invoked by an orc priest
              (13 damage)
             ... on level 3 of the Dungeon.
             The game lasted 00:03:52 (4435 turns).

bnorton916 the Firebug (Deep Elf Fire Elementalist) Turns: 4435, Time: 00:03:53

Health: -10/24     AC:  5    Str:  2 (3)  XL:     4   Next: 97%
Magic:  6/11       EV: 12    Int: 21 (22) God:    Gozag
Gold:   121        SH:  0    Dex: 14 (15) Spells: 7/10 levels left

rFire   . . .      SeeInvis .   (no weapon)
rCold   . . .      Faith    .   (no shield)
rNeg    . . .      Spirit   .   a - +0 robe
rPois   .          Reflect  .   (no helmet)
rElec   .          Harm     .   (no cloak)
rCorr   .          Rampage  .   p - +1 pair of gloves
Will    .....                   (no boots)
Stlth   ++........              (no amulet)
HPRegen 0.08/turn               (no ring)
MPRegen 0.12/turn               (no ring)

@: brilliant, attractive
A: iridescent scales 1, deformed body, weak 1, no potion heal 1
a: Renounce Religion, Potion Petition, Call Merchant, Bribe Branch


You were on level 3 of the Dungeon.
You worshipped Gozag.
Gozag was aware of your devotion.
You visited 1 branch of the dungeon, and saw 4 of its levels.

You collected 164 gold pieces.
You paid 43 gold pieces to Gozag.

Inventory:

Hand Weapons
 l - a +1 dagger of flaming
Missiles
 t - 5 javelins
Armour
 a - a +0 robe (worn)
 m - a +0 leather armour
 p - a +1 pair of gloves (worn)
Scrolls
 e - 3 scrolls of identify
 g - a scroll of noise {unknown}
 h - a scroll of fog {unknown}
 i - 2 scrolls of amnesia
 j - a scroll of immolation {unknown}
 k - a scroll of teleportation {unknown}
 n - a scroll of magic mapping {unknown}
Potions
 c - a potion of curing
 o - a potion of degeneration
 q - a potion of ambrosia {unknown}
 r - a potion of attraction
 s - a potion of heal wounds {unknown}


   Skills:
 + Level 3.1 Armour
 - Level 2.4 Dodging
 - Level 2.4 Stealth
 - Level 3.5 Spellcasting
 - Level 1.9 Conjurations
 - Level 3.7 Fire Magic


You had 7 spell levels left.
You knew the following spells:

 Your Spells              Type           Power      Damage    Failure   Level
a - Foxfire               Conj/Fire      92%        2x1d8     4%          1
b - Scorch                Fire           58%        2d8       4%          2

Your spell library contained the following spells:

 Spells                   Type           Power      Damage    Failure   Level
 Conjure Flame            Conj/Fire      23%        6-21      12%         3
 Inner Flame              Hex/Fire       17%        N/A       17%         3
 Ozocubu's Armour         Ice            5%         N/A       36%         3
 Flame Wave               Conj/Fire      23%        2d8       36%         4
 Dispel Undead            Necr           5%         3d7       77%         4
 Metabolic Englaciation   Hex/Ice        2%         N/A       98%         5
 Death Channel            Necr           2%         N/A       100%        6
 Corpse Rot               Necr/Pois/Air  Unusable   N/A       N/A         4
 Simulacrum               Ice/Necr       Unusable   N/A       N/A         6

Dungeon Overview and Level Annotations

Branches:
Dungeon (4/15)
 Temple: D:4-7

Altars:
Cheibriados
Gozag
Hepliaklqana
Sif Muna
Vehumet
Yredelemnul

Shops:
D:1 [


Innate Abilities, Weirdness & Mutations

You are partially covered in iridescent scales. (AC +2)
Armour fits poorly on your strangely shaped body.
You are weak. (Str -2)
Potions are less effective at restoring your health.


Message History

The orc priest attacks as you move away!
The orc priest closely misses you.
Your magical contamination has completely faded away.
It was a potion of brilliance.
You feel clever all of a sudden.
The orc priest hits you with a +0 short sword.
It was a potion of mutation.
You feel extremely strange.
Your body twists and deforms.
You feel weaker.
Your system partially rejects the healing effects of potions.
Iridescent scales grow over part of your body.
The orc priest barely misses you.
The orc priest attacks as you move away!
The orc priest hits you with a +0 short sword.
* * * LOW HITPOINT WARNING * * *
The orc is attracted toward you.
The orc priest attacks as you move away!
The orc priest hits you with a +0 short sword.
* * * LOW HITPOINT WARNING * * *
The orc priest is attracted toward you.
The orc priest attacks as you move away!
The orc priest completely misses you.
The orc priest attacks as you move away!
The orc priest closely misses you. Something is attracted toward you.
There is a stone staircase leading up here.
The orc priest closely misses you.
You climb upwards.
Reactivating autopickup.
There is a stone staircase leading down here.
Casting: Scorch (safe; 4% risk of failure)
Confirm with . or Enter, or press ? or * to list all spells.
You feel a surge of power!
Flames lash the orc priest.
The orc priest is severely wounded.
The orc priest's fire resistance burns away.
The orc priest hits you with a +0 short sword.
* * * LOW HITPOINT WARNING * * *
The orc priest invokes the aid of Beogh against you.
Beogh smites you!
Ouch! That really hurt!
You die...
Your body crumbles into a pile of gold.

###...##### ##.## #.# ..#...# #.#
#.# #.##.## #.# #.# .....# ##'##
#.# #.#..## ##...## #.# ......###
##.....## #######.## #.#.#.#.##
##.......###.........
.........####..o......##.#.......
#.#.#.#.....'...@....<'..........
..........###.........##.#.......
#..##...#.####.......###.....###.
............###.....## #..#### #.
#.#...#.#.#.####...## #..######.
.#....#.......###'## #.........
#.#.#.(.#.#.#.###.# ##.#######
...#............#.#######.#
#.#.#.#.#.#.#.#........##.#


You could see an orc priest (combustible).

Vanquished Creatures
  An orc wizard (D:2)
  4 adders (D:2)
  2 worms (D:2)
  5 orcs
  4 endoplasms
  3 giant cockroaches
  3 goblins
  7 hobgoblins
  5 jackals (D:1)
  3 quokkas (D:1)
  9 ball pythons
  7 bats
  6 frilled lizards
  2 kobolds (D:1)
  3 rats
64 creatures vanquished.

Vanquished Creatures (others)
  294 foxfires
294 creatures vanquished.

Grand Total: 358 creatures vanquished

Notes
Turn   | Place    | Note
-------+----------+-------------------------------------------
     0 | D:1      | bnorton916 the Deep Elf Fire Elementalist began the quest
                  | for the Orb.
     0 | D:1      | Reached XP level 1. HP: 10/10 MP: 6/6
   211 | D:1      | Reached XP level 2. HP: 15/15 MP: 2/8
   836 | D:1      | Found Guliffish's Armour Shoppe.
  1171 | D:1      | Reached XP level 3. HP: 19/19 MP: 6/10
  1323 | D:1      | Reached skill level 1 in Armour
  1508 | D:1      | Found a faded altar of an unknown god.
  1981 | D:2      | Learned a level 2 spell: Scorch
  2229 | D:2      | Reached XP level 4. HP: 24/24 MP: 9/11
  3575 | D:3      | Found a shimmering blue altar of Sif Muna.
  3583 | D:3      | Became a worshipper of Sif Muna the Loreminder
  3917 | D:3      | Found a hazy altar of Hepliaklqana.
  3917 | D:3      | Found a basalt altar of Yredelemnul.
  3924 | D:3      | Found an opulent altar of Gozag.
  3926 | D:3      | Found a snail-covered altar of Cheibriados.
  3928 | D:3      | Found a radiant altar of Vehumet.
  4320 | D:3      | Fell from the grace of Sif Muna
  4320 | D:3      | Became a worshipper of Gozag Ym Sagoz the Greedy
  4416 | D:4      | Noticed a phantom
  4423 | D:4      | Gained mutation: Armour fits poorly on your strangely
                  | shaped body. [potion of mutation]
  4423 | D:4      | Gained mutation: You are weak. (Str -2) [potion of
                  | mutation]
  4423 | D:4      | Gained mutation: Potions are less effective at restoring
                  | your health. [potion of mutation]
  4423 | D:4      | Gained mutation: You are partially covered in iridescent
                  | scales. (AC +2) [potion of mutation]
  4435 | D:3      | Killed from afar by an orc priest

Illustrated notes

Levels and vault maps discovered:
D:1:      moated_graveyard_arrival, layout_loops_corners, serial_shops,
          nicolae_shop_stone, dreamdust_ecumenical_altar_angels_and_demons,
          minmay_tromino_v4_a
D:2:      layout_rooms
D:3:      layout_loops_corners, mainiacjoe_overflow_paths,
          chequers_temple_overflow_minitemple, chequers_jeans,
          hangedman_decor_riveting
D:4:      layout_loops_ring

Skill      XL: |  1  2  3  4 |
---------------+-------------+-----
Armour         | 2 3 |  3.1
Dodging        | |  2.4
Stealth        | |  2.4
Spellcasting   | |  3.5
Conjurations   | |  1.9
Fire Magic     | |  3.7

Action                   |  1- 3 |  4- 6 || total
-------------------------+-------+-------++-------
 Cast: Foxfire           |   102 |    74 ||   176
       Scorch            |     1 |     3 ||     4
  Use: Potion            |     1 |     5 ||     6
       Scroll            |       |     2 ||     2
Armor: Robe              |     9 |     2 ||    11
Dodge: Dodged            |    36 |    13 ||    49
